 Dungeon Crawl Stone Soup version 0.18-a0-1350-g404b4cb (webtiles) character file.

1533 timbw the Basher (level 9, -5/61 HPs)
             Began as a Human Necromancer on Feb 18, 2016.
             Was a Follower of Makhleb.
             Shot with an arrow by a centaur (13 damage)
             ... on level 11 of the Dungeon.
             The game lasted 00:15:50 (2443 turns).

timbw the Basher (Human Necromancer)                Turns: 2443, Time: 00:15:50

Health: -5/61      AC: -1    Str: 10    XL:     9   Next: 10%
Magic:  0/12       EV: 12    Int: 16    God:    Makhleb [*.....]
Gold:   178        SH:  0    Dex: 15    Spells: 3 memorised, 5 levels left

rFire  . . .     SeeInvis .     e - +4 morningstar
rCold  . . .     Gourm    .     u - +0 leather armour
rNeg   . . .     Faith    .     (no shield)
rPois  .         Spirit   +     i - +2 helmet
rElec  .         Dismiss  .     (no cloak)
rCorr  .         Reflect  .     k - +0 pair of gloves
SustAt .         Harm     .     (no boots)
MR     .....                    E - amulet of guardian spirit
Stlth  ++........               (no ring)
                                (no ring)

@: corroded equipment, regenerating, not resistant to hostile enchantments,
unstealthy
A: no striking features
a: Renounce Religion


You were on level 11 of the Dungeon.
You worshipped Makhleb.
Makhleb was aware of your devotion.
You were hungry.

You visited 2 branches of the dungeon, and saw 12 of its levels.

You collected 293 gold pieces.
You spent 115 gold pieces at shops.

Inventory:

Hand Weapons
 e - a +4 morningstar (weapon)
 q - a +0 war axe
 z - a +1 morningstar
 J - a +0 blowgun
Missiles
 n - 18 poisoned needles
Armour
 a - a +0 robe
 i - a +2 helmet (worn)
 k - a +0 pair of gloves (worn)
 u - a +0 leather armour (worn)
 C - a +0 scale mail
 F - a +0 ring mail
Jewellery
 o - an uncursed amulet of dismissal
 r - an uncursed ring of ice
 D - an uncursed amulet of faith
 E - an amulet of guardian spirit (around neck)
Wands
 w - a wand of paralysis (5/24)
 x - a wand of iceblast (9/15)
 K - a wand of digging (12/24)
Scrolls
 g - a scroll of amnesia
 l - a scroll of random uselessness
 m - 3 scrolls of remove curse
 p - a scroll of torment {unknown}
 y - 6 scrolls of teleportation
 G - a scroll of enchant weapon
 I - a scroll of vulnerability {unknown}
Potions
 f - 2 potions of cure mutation
 j - a potion of heal wounds {unknown}
 s - 2 potions of might
 t - a potion of flight {unknown}
 v - a potion of lignification {unknown}
 A - a potion of magic {unknown}
 B - a potion of ambrosia {unknown}
 H - 2 potions of berserk rage {unknown}
Books
 b - a book of Necromancy

   Spells                             Type                      Level
   a - Pain                           Necromancy                   1
   b - Animate Skeleton               Necromancy                   1
   c - Vampiric Draining              Necromancy                   3
   d - Regeneration                   Charms/Necromancy            3
   e - Animate Dead                   Necromancy                   4
   f - Control Undead                 Necromancy                   4
Comestibles
 c - 2 bread rations
 d - 3 meat rations
 h - 2 slices of pizza


   Skills:
 + Level 1.7 Fighting
 * Level 8.4 Maces & Flails
 - Level 2.0 Dodging
 - Level 2.0 Stealth
 - Level 2.0 Spellcasting
 - Level 7.4 Necromancy


You had 5 spell levels left.
You knew the following spells:

 Your Spells              Type           Power        Failure   Level  Hunger
a - Pain                  Necr           ####         1%          1    #......
b - Regeneration          Chrm/Necr      ##........   21%         3    ###....
c - Vampiric Draining     Necr           ####......   6%          3    ###....


Dungeon Overview and Level Annotations

Branches:
Dungeon (11/15)            Temple (1/1) D:5
   Lair: D:8-11         Orc: D:9-12

Altars:
Ashenzari
Elyvilon
Makhleb
Okawaru
Pakellas
Ru
Sif Muna
Trog
Vehumet
Xom
Yredelemnul
Zin
The Shining One

Shops:
D:7 *   D:9 [

Annotations:
D:6 exclusion: statue, Edmund
D:7 Dowan, Duvessa


Message History

K - a wand of digging A centaur comes into view.
The centaur shouts!
The centaur wields a shortbow.
The centaur shoots an arrow.
The arrow misses you.
You see here an arrow.
The centaur shoots an arrow.
The arrow hits you!
A hound comes into view.
You see here an arrow.
Casting: Regeneration
Confirm with . or Enter, or press ? or * to list all spells.
Your skin crawls.
The centaur shoots an arrow.
The arrow hits you!
* * * LOW HITPOINT WARNING * * *
You see here an arrow.
A hungry ghost comes into view.
The centaur shoots an arrow.
The arrow hits you!
* * * LOW HITPOINT WARNING * * *
The centaur shoots an arrow.
The arrow hits you!
You die...

###############
..............#
#............#
#...........(#
+...........@#########
#........."..(...W....
#.............c....h..
...###(##########......
#().........(# .....
#####.....(.(# ....
#.....<..# ...
#........# ..
#........# #


You could see a hungry ghost, a centaur and a hound (wandering).

Vanquished Creatures
  Menkaure (D:5)
  2 ice beasts
  An ogre (D:5)
  A big kobold (D:11)
  Blork the orc (D:6)
  4 giant frogs
  A wyvern skeleton (D:9)
  A scorpion (D:9)
  4 wights (D:8)
  A jelly (D:11)
  2 orc wizards
  A giant frog zombie (D:7)
  3 hounds
  2 giant frog skeletons
  2 iguanas
  2 worker ants
  A hound zombie (D:9)
  A hound skeleton (D:8)
  A worker ant zombie (D:5)
  4 adders
  An adder skeleton (D:4)
  3 worms
  2 giant geckos
  10 orcs
  A bat (D:3)
  A giant cockroach (D:1)
  3 goblins
  A hobgoblin (D:2)
  7 jackals
  3 quokkas
  2 ball pythons
  A giant newt (D:4)
  6 kobolds
  A rat (D:2)
78 creatures vanquished.

Notes
Turn   | Place    | Note
--------------------------------------------------------------
     0 | D:1      | timbw the Human Necromancer began the quest for the Orb.
     0 | D:1      | Reached XP level 1. HP: 13/13 MP: 3/3
   105 | D:2      | Found a faded altar to an unknown god.
   156 | D:2      | Found a white marble altar of Elyvilon.
   156 | D:2      | Found a glowing silver altar of Zin.
   156 | D:2      | Found a glowing golden altar of the Shining One.
   263 | D:2      | Reached XP level 2. HP: 17/19 MP: 3/5
   521 | D:4      | Reached skill level 5 in Necromancy
   521 | D:4      | Reached XP level 3. HP: 13/24 MP: 3/6
   526 | D:4      | Learned a level 3 spell: Regeneration
   611 | D:4      | Found a sand-covered staircase.
   663 | D:4      | Reached XP level 4. HP: 30/30 MP: 0/7
   693 | D:5      | Entered Level 5 of the Dungeon
   746 | D:5      | Reached XP level 5. HP: 31/35 MP: 2/8
   805 | D:5      | Reached skill level 6 in Necromancy
   926 | D:5      | Noticed Menkaure
   979 | D:5      | Found a staircase to the Ecumenical Temple.
   989 | D:5      | Killed Menkaure
   989 | D:5      | Reached XP level 6. HP: 37/41 MP: 2/9
   990 | D:5      | Noticed an ogre
   999 | D:5      | Killed an ogre
   999 | D:5      | Reached skill level 7 in Necromancy
  1009 | Temple   | Entered the Ecumenical Temple
  1019 | Temple   | Became a worshipper of Makhleb the Destroyer
  1044 | D:5      | Reached XP level 7. HP: 24/46 MP: 2/10
  1322 | D:6      | Noticed Blork the orc
  1322 | D:6      | Noticed Edmund
  1329 | D:6      | Killed Blork the orc
  1528 | D:6      | Learned a level 3 spell: Vampiric Draining
  1567 | D:6      | Found a radiant altar of Vehumet.
  1684 | D:7      | Found Kiomaf's Assorted Antiques.
  1692 | D:7      | Bought a dented cameo amulet for 115 gold pieces
  1781 | D:7      | Reached skill level 5 in Maces & Flails
  1781 | D:7      | Reached XP level 8. HP: 40/52 MP: 3/11
  1800 | D:7      | Noticed Dowan
  1801 | D:7      | Noticed Duvessa
  2049 | D:8      | Reached * piety under Makhleb
  2096 | D:9      | Found Edur's Antique Armour Boutique.
  2193 | D:9      | Reached skill level 8 in Maces & Flails
  2299 | D:9      | Reached skill level 1 in Fighting
  2299 | D:9      | Reached XP level 9. HP: 30/59 MP: 5/12
  2366 | D:10     | Entered Level 10 of the Dungeon
  2443 | D:11     | Shot with an arrow by a centaur

Vault maps used:
D:1:      moated_graveyard_arrival
D:2:      good_gods_mini_temple, ecumenical_altar_2
D:3:      first_bread, minmay_quantized, uniq_crazy_yiuf_cottage, uniq_purgy
D:4:      gammafunk_temple_overflow_pools, lightli_ossuary_entry_decrepit_ruins
D:5:      minmay_temple_entry_mist, uniq_menkaure
D:6:      kennysheep_spiral_hall, vehumet_statue, uniq_blork_the_orc,
          uniq_edmund, uniq_sigmund
D:7:      serial_shops, shop, grunt_ogre_cave,
          nicolae_gozag_cash_rules_everything_around_me, uniq_duvessa,
          uniq_joseph
D:9:      marbit_many_paths, lair_0_dummy, serial_shops, nicolae_shop_stone
D:11:     lightli_elemental_guards, uniq_harold
Temple:   circular_temple_13

Action                   |  1- 3 |  4- 6 |  7- 9 || total
-------------------------+-------+-------+-------++-------
Melee: Unarmed           |     1 |       |       ||     1
       War axe           |    15 |    18 |       ||    33
       Morningstar       |       |    22 |   156 ||   178
 Cast: Pain              |    36 |    28 |    52 ||   116
       Regeneration      |     2 |     3 |    18 ||    23
Evoke: Wand              |       |     3 |       ||     3
  Use: Scroll            |       |       |     9 ||     9
 Stab: Paralysed         |       |     6 |       ||     6
  Eat: Chunk             |       |     3 |     8 ||    11
